Map: [ESL] Dragon Scales

Players

HeroMarine - Winner!

  • Race: Terran Terran

Lambo

  • Race: Zerg Zerg

Event: IEM Katowice 2023

VOD

Have the link to the VOD?

Description

Time

  • Played on: Feb. 10, 2023, 12:21 p.m.
  • Length: 11:56

All games in this series

Show
View Real Time Build Order
Export as new Build Order

HeroMarine Terran - Winner!

Build Orders: Reaper Expand 

Get SALT Encoding   

  12  0:00  SCV  
  13  0:12  SCV  
  14  0:16  Supply Depot  
  14  0:24  SCV  
  15  0:38  SCV  
  15  0:39  Barracks  
  15  0:42  Refinery  
  16  0:50  SCV  
  17  1:02  SCV  
  18  1:14  SCV  
  19  1:26  Reaper  
  19  1:27  Orbital Command  
  20  1:38  Command Center  
  20  1:46  Supply Depot  
  20  1:52  SCV  
  21  1:58  Marine  
  22  2:04  SCV  
  23  2:08  Factory  
  23  2:17  SCV  
  23  2:18  Refinery  
  23  2:20  Barracks Reactor  
  24  2:29  SCV  
  25  2:41  SCV  
  26  2:51  Orbital Command  
  26  2:53  SCV  
  26  2:56  Starport  
  27  3:00  Hellion x2  
  27  3:05  SCV  
  32  3:07  Marine  
  33  3:17  SCV x2  
  35  3:24  Supply Depot  
  35  3:29  SCV  
  35  3:30  SCV  
  35  3:32  Fusion Core  
  35  3:33  Starport Tech Lab  
  37  3:41  SCV  
  37  3:42  SCV  
  37  3:46  Command Center  
  39  3:53  SCV  
  39  3:54  SCV  
  41  3:56  Hellion x2  
  41  4:02  Supply Depot  
  45  4:05  SCV  
  45  4:06  SCV  
  47  4:18  SCV x2  
  47  4:23  Battlecruiser  
  55  4:24  Supply Depot  
  55  4:30  SCV x2  
  55  4:31  Hellion  
  59  4:33  Hellion  
  61  4:41  Refinery x2  
  61  4:42  SCV  
  62  4:46  SCV  
  62  4:48  Supply Depot  
  62  4:52  Hellion  
  65  4:54  Hellion  
  65  4:56  SCV  
  65  4:58  Orbital Command, SCV  
  69  5:09  SCV  
  69  5:10  SCV  
  69  5:12  Factory  
  69  5:13  Factory  
  71  5:15  Hellion  
  71  5:16  Hellion  
  71  5:17  Supply Depot  
  75  5:21  SCV  
  75  5:22  Orbital Command, SCV  
  77  5:30  Battlecruiser  
  77  5:34  SCV x2  
  85  5:47  Hellion x2  
  88  5:50  SCV  
  88  5:51  SCV x2  
  88  5:56  Factory  
  90  5:57  Factory  
  90  5:58  Factory Tech Lab x2  
  90  6:02  SCV, Refinery  
  90  6:03  SCV  
  90  6:04  SCV, Refinery  
  93  6:11  Supply Depot  
  93  6:14  SCV  
  93  6:16  SCV x2  
  99  6:22  Supply Depot  
  99  6:25  Supply Depot  
  99  6:26  SCV  
  99  6:28  SCV  
  102  6:32  SCV  
  102  6:38  SCV  
  106  6:40  Engineering Bay, SCV  
  106  6:42  Factory Reactor  
  106  6:43  Factory Tech Lab, Battlecruiser  
  106  6:45  SCV  
  114  6:48  Mag-Field Accelerator, Cyclone x2  
  114  6:50  SCV  
  114  6:51  Supply Depot  
  114  6:52  SCV  
  115  6:57  SCV  
  114  7:01  Weapon Refit  
  114  7:02  SCV  
  114  7:04  SCV  
  114  7:05  Cyclone  
  119  7:09  SCV  
  119  7:13  Supply Depot  
  119  7:14  SCV, Supply Depot  
  123  7:16  Hellion x2  
  123  7:21  Orbital Command  
  123  7:29  Cyclone x2  
  129  7:32  Hellion x2  
  129  7:35  Supply Depot  
  129  7:36  Supply Depot  
  133  7:44  Cyclone  
  132  7:52  Battlecruiser  
  132  7:57  SCV x2  
  132  7:58  SCV  
  136  8:01  Cyclone  
  137  8:06  Cyclone  
  139  8:14  SCV  
  139  8:15  SCV  
  139  8:18  Cyclone  
  140  8:33  Cyclone  
  138  8:34  SCV x2  
  138  8:37  Hellion  
  138  8:41  Hellion  
  141  8:46  SCV  
  141  8:48  Cyclone  
  141  8:54  Cyclone  
  141  8:55  Orbital Command  
  138  9:03  SCV x2  
  138  9:05  Cyclone  
  143  9:10  Hellion  
  143  9:11  Hellion  
  147  9:19  Command Center  
  147  9:20  Hellion  
  147  9:22  Refinery  
  147  9:23  Refinery  
  149  9:29  Infernal Pre-Igniter  
  145  9:34  Supply Depot x2, Cyclone  
  145  9:36  Cyclone  
  135  9:38  SCV x2  
  135  9:39  SCV  
  135  9:44  Cyclone, Hellion  
  135  9:50  SCV  
  135  9:51  SCV x2, Hellion  
  137  9:58  Hellion  
  139  10:01  Hellion  
  139  10:03  SCV  
  139  10:04  SCV  
  139  10:06  SCV  
  141  10:11  Cyclone  
  142  10:15  SCV  
  142  10:17  SCV  
  142  10:19  SCV, Hellion  
  131  10:23  Cyclone  
  131  10:27  SCV  
  126  10:29  SCV  
  126  10:31  Hellion  
  117  10:44  Cyclone  
  117  10:48  Cyclone  
  123  10:55  Cyclone  
  124  10:59  Refinery, Armory  
  124  11:01  Refinery  
  124  11:09  SCV x2  
  126  11:12  Sensor Tower  
  126  11:16  Cyclone  
  130  11:19  Barracks  
  130  11:21  SCV  
  130  11:22  Supply Depot  
  130  11:23  Supply Depot, Cyclone  
  138  11:39  Missile Turret  
Show
View Real Time Build Order
Export as new Build Order

Lambo Zerg 

Build Orders: Hatch First 

Get SALT Encoding   

  12  0:00  Drone  
  13  0:13  Overlord  
  13  0:17  Drone  
  14  0:31  Drone x2  
  16  0:49  Hatchery  
  15  0:51  Drone  
  15  0:54  Drone  
  17  0:58  Drone  
  18  1:08  Extractor  
  17  1:13  Spawning Pool  
  17  1:16  Drone  
  17  1:19  Drone  
  18  1:29  Drone  
  19  1:41  Drone  
  20  1:52  Drone  
  21  2:00  Queen x2  
  27  2:01  Zergling x4  
  27  2:11  Drone  
  27  2:12  Overlord  
  28  2:21  Hatchery  
  27  2:24  Drone  
  28  2:30  Drone  
  28  2:33  Drone x2  
  31  2:39  Queen  
  33  2:45  Overlord  
  33  2:48  Metabolic Boost  
  33  2:52  Drone  
  33  2:54  Drone  
  33  2:56  Drone  
  36  3:02  Queen  
  38  3:06  Drone  
  38  3:10  Drone x2  
  38  3:11  Drone  
  42  3:13  Drone  
  42  3:16  Drone  
  44  3:21  Overlord  
  44  3:30  Overlord  
  44  3:35  Queen x2  
  44  3:37  Drone  
  44  3:38  Drone  
  50  3:44  Drone x3  
  50  3:46  Overlord  
  50  3:48  Drone  
  54  3:52  Queen  
  54  3:55  Drone  
  57  3:59  Drone  
  57  4:00  Drone x2  
  60  4:04  Drone x3  
  60  4:09  Zergling x4  
  65  4:10  Drone  
  65  4:15  Overlord  
  65  4:16  Queen  
  66  4:19  Drone  
  66  4:20  Drone  
  66  4:23  Drone x3  
  72  4:27  Drone  
  72  4:28  Lair  
  73  4:31  Extractor  
  73  4:34  Drone, Roach Warren  
  73  4:36  Drone  
  73  4:37  Drone  
  74  4:39  Queen  
  74  4:42  Overlord  
  74  4:45  Zergling x4  
  78  4:46  Drone  
  79  4:54  Zergling x4  
  79  4:58  Extractor  
  79  4:59  Extractor  
  79  5:00  Drone, Spore Crawler  
  79  5:01  Overlord, Drone  
  79  5:03  Spore Crawler x2  
  79  5:05  Drone x5  
  83  5:07  Zergling x2  
  86  5:14  Roach x2  
  86  5:15  Drone  
  86  5:20  Evolution Chamber  
  88  5:21  Evolution Chamber  
  88  5:22  Drone  
  88  5:25  Drone x2  
  88  5:26  Glial Reconstitution  
  90  5:29  Drone x6  
  90  5:34  Extractor, Drone, Pneumatized Carapace  
  96  5:35  Extractor  
  93  5:48  Overlord  
  91  5:56  Overlord  
  91  5:57  Overlord  
  89  6:06  Queen x2  
  89  6:07  Overlord  
  89  6:08  Drone x4  
  97  6:12  Overlord  
  97  6:15  Roach x2  
  97  6:16  Roach  
  97  6:17  Drone, Queen  
  97  6:18  Drone  
  104  6:26  Roach x5  
  104  6:30  Roach  
  104  6:31  Roach x3  
  122  6:34  Overlord  
  122  6:41  Overlord  
  122  6:43  Overlord  
  122  6:44  Overlord  
  122  6:48  Overlord  
  122  6:51  Overlord  
  122  6:52  Overlord  
  122  6:55  Overlord, Queen  
  122  6:57  Overlord  
  122  6:59  Roach x3  
  127  7:03  Overlord  
  127  7:06  Ravager x5  
  132  7:12  Ravager x2  
  132  7:13  Roach x5  
  142  7:19  Roach x3  
  142  7:20  Ravager x3  
  151  7:23  Roach  
  151  7:24  Roach  
  154  7:33  Roach x6  
  166  7:43  Roach x6  
  167  7:53  Roach  
  168  7:58  Roach  
  163  8:07  Spire, Queen  
  163  8:08  Queen  
  157  8:13  Drone x3  
  157  8:14  Queen  
  157  8:18  Hatchery  
  161  8:22  Roach  
  161  8:23  Overseer  
  147  8:35  Drone x2, Zerg Missile Weapons Level 1  
  147  8:36  Zergling x6, Zerg Melee Weapons Level 1  
  147  8:37  Zergling x10  
  150  8:43  Queen  
  141  8:52  Roach x2  
  118  9:10  Roach x5  
  128  9:18  Roach x3  
  128  9:21  Roach x3  
  137  9:31  Corruptor x3  
  124  9:37  Corruptor  
  124  9:38  Corruptor x6  
  127  9:39  Zergling x4  
  127  9:43  Roach x2  
  127  9:44  Roach x2  
  109  9:45  Roach  
  109  9:48  Roach x2  
  109  9:49  Zergling x2  
  109  9:52  Roach  
  108  9:55  Roach  
  108  9:57  Roach  
  108  9:58  Ravager x3  
  107  10:00  Roach x2  
  107  10:05  Roach x2  
  107  10:11  Roach  
  107  10:12  Roach  
  107  10:13  Roach x2  
  98  10:14  Roach  
  98  10:18  Roach  
  84  10:22  Roach  
  84  10:27  Ravager x2  
  73  10:28  Roach  
  73  10:34  Drone x2  
  73  10:38  Drone x2  
  73  10:41  Ravager  
  76  10:43  Drone  
  76  10:45  Drone  
  78  10:54  Drone x3  
  81  10:57  Drone  
  81  10:59  Ravager x2  
  81  11:03  Drone  
  85  11:07  Drone x3  
  88  11:12  Roach x2  
  88  11:16  Corruptor  
  94  11:21  Corruptor  
  96  11:29  Overlord  
  96  11:30  Overlord  
  96  11:32  Overlord  

Tags
 
Add a new tag
Caveats
  • Supply blocks, unpowered buildings, or Contaminate may cause inaccurate times.
  • Supply counts are checked every 10 seconds.